 Dungeon Crawl Stone Soup version 0.25-a0-510-ge065f6de7d (console) character file.

Game seed: 16482583389356876576, levelgen mode: deterministic

47 surprisetrex the Firebug (level 3, 0/39 HPs)
             Began as a Hill Orc Fire Elementalist on Feb 15, 2020.
             Succumbed to Robin's poison
             ... on level 3 of the Dungeon.
             The game lasted 00:10:32 (1787 turns).

surprisetrex the Firebug (HOFE)                     Turns: 1787, Time: 00:10:32

Health: 0/39       AC: 21    Str: 10    XL:     3   Next: 70%
Magic:  5/5        EV: -1    Int: 16    God:
Gold:   146        SH:  0    Dex: 11    Spells: 4/5 levels left

rFire    + . .     SeeInvis .   a - +0 short sword
rCold    + . .     Gourm    .   (no shield)
rNeg     + + +     Faith    .   (armour currently unavailable)
rPois    +         Spirit   .   (helmet currently unavailable)
rElec    +         Reflect  .   (cloak currently unavailable)
rCorr    +         Harm     .   (gloves currently unavailable)
MR       .....     NoTele   +   (boots currently unavailable)
Stlth    ++........             (no amulet)
HPRegen  0.13/turn              h - ring of poison resistance
MPRegen  0.09/turn              (no ring)

@: lethally poisoned (0 -> -16), tree-form, resistant, very slightly
contaminated, constricted, invisible
A: no striking features
a: no special abilities


You were on level 3 of the Dungeon.
You were not hungry.
You were a tree.
You visited 1 branch of the dungeon, and saw 3 of its levels.

You collected 146 gold pieces.

Inventory:

Hand Weapons
 a - a +0 short sword (weapon)
 b - a +0 hunting sling
Missiles
 e - 17 curare-tipped darts
 i - 92 stones
 l - 7 poisoned darts
 p - 3 boomerangs (quivered)
Armour
 f - a +1 robe (melded)
Jewellery
 h - a ring of poison resistance (left branch)
Wands
 q - a wand of digging (7)
Scrolls
 d - 2 scrolls of enchant armour
 g - 2 scrolls of identify
 j - a scroll of remove curse {unknown}
 k - a scroll of fog {unknown}
Potions
 m - a potion of resistance
 n - a potion of flight
 r - a potion of lignification
Comestibles
 c - 2 rations


   Skills:
 - Level 1.5 Dodging
 - Level 1.5 Stealth
 - Level 1.5 Spellcasting
 - Level 1.0 Conjurations
 + Level 5.0 Fire Magic


You had 4 spell levels left.
You knew the following spells:

 Your Spells              Type           Power        Failure   Level  Hunger
a - Foxfire               Conj/Fire      ##..         6%          1    ##.....

Your spell library contained the following spells:

 Spells                   Type           Power        Failure   Level  Hunger
 Conjure Flame            Conj/Fire      ##......     19%         3    ####...
 Inner Flame              Hex/Fire       #.......     22%         3    ####...
 Sticky Flame             Conj/Fire      ##......     52%         4    #####..
 Fireball                 Conj/Fire      ##........   86%         5    ######.


Dungeon Overview and Level Annotations

Branches:
Dungeon (3/15)

Altars:

Annotations:
D:3 Ijyb, Robin


Message History

The ball python constricts you.
* * * LOW HITPOINT WARNING * * *
You feel sick.
The goblin hits you but does no damage. x2
Robin hits you from afar with a +2 trident of venom.
* * * LOW HITPOINT WARNING * * *
The ball python bites you but does no damage.
The ball python constricts you.
* * * LOW HITPOINT WARNING * * *
You feel sick.
The goblin no longer looks unusually strong.
The goblin hits you but does no damage. x2
The ball python bites you but does no damage.
* * * LOW HITPOINT WARNING * * *
The ball python constricts you.
* * * LOW HITPOINT WARNING * * *
You feel sick.
The goblin no longer looks unusually strong.
The ball python bites you but does no damage.
The ball python constricts you.
The goblin hits you but does no damage. x2
You die...

#######
####......
####....####.
###.gg.#### .
####.g÷#### g
##....### .
#gg#######


g ##♣Sggggg. g ######### . You could see Robin, a hobgoblin, 5 goblins and a
ball python.

Vanquished Creatures
  An adder (D:2)
  A worm (D:2)
  A dart slug (D:1)
  2 orcs (D:2)
  3 giant cockroaches
  5 goblins
  5 hobgoblins
  2 jackals (D:1)
  A quokka (D:2)
  3 bats
  A frilled lizard (D:1)
  3 kobolds (D:1)
  2 rats
30 creatures vanquished.

Vanquished Creatures (others)
  39 foxfires
39 creatures vanquished.

Grand Total: 69 creatures vanquished

Notes
Turn   | Place    | Note
-------+----------+-------------------------------------------
     0 | D:1      | surprisetrex the Hill Orc Fire Elementalist began the quest
                  | for the Orb.
     0 | D:1      | Reached XP level 1. HP: 14/14 MP: 3/3
    31 | D:1      | Reached XP level 2. HP: 11/20 MP: 0/4
   180 | D:1      | Reached skill level 4 in Fire Magic
  1027 | D:2      | Reached XP level 3. HP: 25/26 MP: 5/5
  1521 | D:3      | Noticed Robin
  1576 | D:2      | Reached skill level 5 in Fire Magic
  1735 | D:3      | Noticed Ijyb
  1786 | D:3      | HP: 1/39 [poisoned by Robin]
  1787 | D:3      | Succumbed to Robin's poison

Levels and vault maps discovered:
D:1:      dpeg_arrival_orchard, layout_rooms
D:2:      layout_rooms, first_ration
D:3:      layout_rooms, chequers_ecumenical_altar_twisty, minmay_vboxes,
          uniq_ijyb, uniq_sigmund, uniq_robin, uniq_jessica

Skill      XL: |  1  2  3 |
---------------+----------+-----
Fire Magic     | 4 5 |  5.0
Dodging        | |  1.5
Stealth        | |  1.5
Spellcasting   | |  1.5
Conjurations   | |  1.0

Action                   || total
-------------------------++-------
Melee: Unarmed           ||     2
       Short sword       ||    14
 Fire: Hunting sling     ||    28
Throw: Boomerang         ||    33
 Cast: Foxfire           ||    20
  Use: Potion            ||     3
       Scroll            ||     2
  Eat: Chunk             ||     3
Armor: Robe              ||    16
       Skin              ||    39
Dodge: Dodged            ||    23

Table legend:
 A = Non-vault XP
 B = Vault XP
 C = Vault XP percentage of total XP
 D = Non-vault monster count
 E = Vault monster count
 F = Vault count percentage of total count
                 A         B        C        D         E       F
            +---------+---------+-------+---------+---------+-------
      Total |      67 |       1 |   1.5 |      29 |       1 |   3.3
            +---------+---------+-------+---------+---------+-------
        D:1 |      29 |       0 |   0.0 |      16 |       0 |   0.0
        D:2 |      37 |       1 |   2.6 |      12 |       1 |   7.7
        D:3 |       1 |       0 |   0.0 |       1 |       0 |   0.0
            +---------+---------+-------+---------+---------+-------
